 Dungeon Crawl Stone Soup version 0.30.0-20-g3b4254fcbd (webtiles) character file.

Game seed: 15195789367897476290

189 RascalDebosk the Magician (level 6, 0/43 HPs)
             Began as a Djinni Warper on June 2, 2023.
             Slain by a goblin
             ... wielding a +0 club
             ... led by Robin
              (3 damage)
             ... on level 1 of the Dungeon.
             The game lasted 00:07:55 (1081 turns).

RascalDebosk the Magician (Djinni Warper)           Turns: 1081, Time: 00:07:55

Health: 0/43       AC:  4    Str: 10    XL:     6   Next: 0%
Gold:   64         EV: 11    Int: 17    God:
                   SH:  0    Dex: 12

rFire   + + .        a - +0 falchion
rCold   x . .        (no shield)
rNeg    . . .        b - +0 leather armour
rPois   ∞            (no helmet)
rElec   .            (no cloak)
rCorr   .            e - +0 pair of gloves
SInv    .            (boots unavailable)
Will    .....        (no amulet)
Stlth   +            (no ring)
HPRegen 0.27/turn    (no ring)
MPRegen 0.00/turn

%: infuse magic (-1 HP)
@: flying
A: sickness immunity, fire resistance 2, cold vulnerability 1, float, innate
caster, HP casting, extra vitality 1
a: no special abilities


You were on level 1 of the Dungeon.
You visited 1 branch of the dungeon, and saw 2 of its levels.

You collected 64 gold pieces.

Inventory:

Hand Weapons
 a - a +0 falchion (weapon)
Missiles
 c - 6 boomerangs
 d - 2 boomerangs of dispersal (quivered)
Armour
 b - a +0 leather armour (worn)
 e - a +0 pair of gloves (worn)
Scrolls
 f - a scroll of identify {unknown}
 g - a scroll of blinking
 h - a scroll of amnesia {unknown}


   Skills:
 + Level 2.0 Fighting
 - Level 1.7 Long Blades
 - Level 0.7 Throwing
 + Level 3.4 Armour
 - Level 2.1 Dodging
 * Level 4.0 Spellcasting


You knew the following spells:

 Your Spells              Type           Power      Damage    Failure   Level
a - Blink                 Tloc           34%        N/A       6%          2
b - Lesser Beckoning      Tloc           34%        N/A       6%          2
c - Vhi's Electric Charg  Tloc/Air       34%        N/A       12%         3
d - Teleport Other        Tloc           17%        N/A       12%         3
e - Manifold Assault      Tloc           17%        N/A       36%         4
f - Sting                 Tmut/Pois      68%        1d6       4%          1
g - Passwall              Tmut/Erth      14%        N/A       6%          2
Your spell library was empty.

Dungeon Overview and Level Annotations

Branches:
Dungeon (2/15)

Altars:

Annotations:
D:1 Robin


Innate Abilities, Weirdness & Mutations

You are immune to sickness and miasma.
You are immune to poison.
Your flesh is very heat resistant. (rF++)
You are vulnerable to cold. (rC-)
You float through the air rather than walking.
You learn spells naturally, not from books.
Your magical power is your life essence.
You have superior vitality. (+4 MHP)


Message History

A goblin comes into view. It is wielding a +0 club.
You barely miss the goblin. Your punch misses the goblin.
Robin throws the goblin at you! The goblin completely misses you.
The goblin hits you but does no damage.
You slash the goblin!
You kill the goblin!
A goblin comes into view. It is wielding a +0 club.
The goblin hits you with a +0 club.
You barely miss the goblin. Robin hits you with a +2 spectral club.
The goblin hits you with a +0 club.
An orc comes into view. It is wielding a +0 whip.
The goblin closely misses you.
Casting: Sting (safe; 4% risk of failure)
Confirm with . or Enter, or press ? or * to list all spells.
You blink.
* * * LOW HITPOINT WARNING * * *
There is a stone staircase leading up here.
Throw: 3 boomerangs (disperse)
Press: ? - help, Q - select action, (/) - cycle Shift-Dir - straight line, f - goblin
Aim: a goblin, wielding a +0 club (strong, 50% to hit)
You throw a boomerang of dispersal.
The boomerang of dispersal barely misses the goblin.
You feel stable enough to blink again.
Casting: Blink (safe; 6% risk of failure)
Confirm with . or Enter, or press ? or * to list all spells.
Aiming: Sting (safe; 4% risk of failure)
Press: ? - help, Shift-Dir - straight line, f/p - goblin
Aim: a goblin, wielding a +0 club (strong, 67% to hit)
The sting hits the goblin.
The goblin is poisoned.
You kill the goblin!
* * * LOW HITPOINT WARNING * * *
Robin throws the goblin at you! The goblin closely misses you.
You have reached level 6!
You barely miss the goblin. The goblin closely misses you.
You slash the goblin!
You kill the goblin!
Casting: Sting (safe; 4% risk of failure)
Confirm with . or Enter, or press ? or * to list all spells.
Aiming: Sting (safe; 4% risk of failure)
Press: ? - help, Shift-Dir - straight line, f - Robin
Aim: Robin, wielding a +2 spectral club, wearing a +1 animal skin and wearing a +0 helmet (81% to hit)
The sting hits Robin.
Robin is poisoned.
Robin is lightly wounded.
* * * LOW HITPOINT WARNING * * *
Casting: Sting (safe; 4% risk of failure)
Confirm with . or Enter, or press ? or * to list all spells.
Aiming: Sting (safe; 4% risk of failure)
Press: ? - help, Shift-Dir - straight line, f/p - Robin
Aim: Robin, wielding a +2 spectral club, wearing a +1 animal skin and wearing a +0 helmet (lightly wounded, poisoned, 81% to hit)
The sting hits Robin but does no damage.
Robin looks even sicker.
Robin is lightly wounded.
* * * LOW HITPOINT WARNING * * *
Robin roars a battlecry!
The goblin goes into a battle-frenzy!
The orc shouts!
You hear a shout!
Casting: Sting (safe; 4% risk of failure)
Confirm with . or Enter, or press ? or * to list all spells.
Aiming: Sting (safe; 4% risk of failure)
Press: ? - help, Shift-Dir - straight line, f/p - Robin
Aim: Robin, wielding a +2 spectral club, wearing a +1 animal skin and wearing a +0 helmet (lightly wounded, very poisoned, 81% to hit)
The sting hits Robin.
Robin looks even sicker.
Robin is moderately wounded.
* * * LOW HITPOINT WARNING * * *
Robin flexes a bicep menacingly.
Robin hits you with a +2 spectral club.
* * * LOW HITPOINT WARNING * * *
The +2 spectral club hits you.
* * * LOW HITPOINT WARNING * * *
The hobgoblin closely misses you. The goblin closely misses you.
A +2 spectral club comes into view.
The hobgoblin hits you.
* * * LOW HITPOINT WARNING * * *
The goblin barely misses you.
You fly upwards.
The +2 spectral club disappears.
There is a stone staircase leading down here.
Unknown command.
Casting: Sting (safe; 4% risk of failure)
Confirm with . or Enter, or press ? or * to list all spells.
You blink.
* * * LOW HITPOINT WARNING * * *
The hobgoblin no longer looks unusually strong.
The hobgoblin hits you.
* * * LOW HITPOINT WARNING * * *
You feel stable enough to blink again. Robin throws the goblin at you!
The goblin barely misses you.
You closely miss the goblin. The hobgoblin closely misses you.
The goblin closely misses you.
You hit the goblin.
The goblin is severely wounded.
The hobgoblin closely misses you. The goblin hits you with a +0 club.
* * * LOW HITPOINT WARNING * * *
The hobgoblin misses you. The goblin hits you but does no damage.
You closely miss the goblin.
The goblin is severely wounded.
The hobgoblin completely misses you.
Robin roars a battlecry!
The goblins go into a battle-frenzy!
The goblin hits you with a +0 club.
You die...

~≈≈~.~~≈≈≈.##.##.##.##..#
≈≈~.©.~≈≈.....##.##.....#
≈≈~♣>..≈.≈...###.####...#
≈≈~.©.~.≈≈...#.#.##...###
≈≈~~.~~≈≈~..........###
≈≈≈~~≈≈≈≈≈.###...####
.~≈≈≈≈≈≈≈#.###.#.#
........#...##.#g#
..####.......#.#@#
..#........#...#g#
).....#.####.g.#g#
#.......#....>g..#
........#.########
#.#.....#.# #.#.##..#.#
#.####.##.# #.# #[...#


You could see Robin (very poisoned), a hobgoblin (strong) and a goblin (strong).

Vanquished Creatures
  Sigmund (D:2)
  A worm (D:2)
  An endoplasm (D:2)
  A giant cockroach (D:1)
  6 goblins
  A hobgoblin (D:1)
  2 kobolds
  2 quokkas
  A ball python (D:1)
  A bat (D:1)
  3 frilled lizards
  4 rats
24 creatures vanquished.

Notes
Turn   | Place    | Note
-------+----------+-------------------------------------------
     0 | D:1      | RascalDebosk the Djinni Warper began the quest for the Orb.
     0 | D:1      | RascalDebosk set off with the following spells memorised:
                  | Blink, Lesser Beckoning, Vhi's Electric Charge, Teleport
                  | Other, Manifold Assault.
     0 | D:1      | Reached XP level 1. HP: 18/18 MP: 0/0
   321 | D:1      | Reached XP level 2. HP: 23/23 MP: 0/0
   634 | D:2      | Reached skill level 3 in Spellcasting
   808 | D:2      | Reached XP level 3. HP: 28/28 MP: 0/0
   808 | D:2      | Learned a level 1 spell: Sting
   831 | D:2      | Noticed Sigmund
   856 | D:2      | Killed Sigmund
   857 | D:2      | Reached skill level 4 in Spellcasting
   857 | D:2      | Reached XP level 4. HP: 5/33 MP: 0/0
   857 | D:2      | Reached XP level 5. HP: 6/38 MP: 0/0
   857 | D:2      | Learned a level 2 spell: Passwall
  1056 | D:2      | Noticed Robin
  1068 | D:2      | Reached XP level 6. HP: 21/43 MP: 0/0
  1081 | D:1      | Slain by a goblin

Illustrated notes

Levels and vault maps discovered:
D:1:      spicycebolla_arrival_transporter_tutorial, layout_basic,
          minmay_curled_crystal, fountainhead
D:2:      layout_basic, uniq_sigmund, uniq_robin

Skill      XL: |  1  2  3 |
---------------+----------+-----
Spellcasting   | 3 4 |  4.0
Armour         | 3 |  3.4
Fighting       | |  2.0
Long Blades    | |  1.7
Throwing       | |  0.7
Dodging        | |  2.1

Action                     |  1- 3 |  4- 6 || total
---------------------------+-------+-------++-------
  Melee: Falchion          |    78 |    12 ||    90
         Punch             |     1 |       ||     1
  Throw: Boomerang         |     4 |     1 ||     5
   Cast: Sting             |     1 |     5 ||     6
         Teleport Other    |     1 |       ||     1
         Blink             |       |     2 ||     2
   Stab: Sleeping          |     1 |       ||     1
 Armour: Leather armour    |    16 |     3 ||    19
  Dodge: Dodged            |    41 |    16 ||    57
